 Dungeon Crawl Stone Soup version 0.31.0-11-ge490571c62 (webtiles) character file.

Game seed: 16606592494089517862

21 qw the Shooter (level 2, -4/16 HPs)
             Began as a Deep Elf Hunter on Feb 3, 2024.
             Succumbed to their own poison gas
             ... on level 1 of the Dungeon.
             The game lasted 00:00:01 (590 turns).

qw the Shooter (Deep Elf Hunter)                     Turns: 590, Time: 00:00:02

Health: -4/16      AC:  7    Str:  8    XL:     2   Next: 65%
Magic:  4/4        EV: 10    Int: 13    God:
Gold:   58         SH:  5    Dex: 18    Spells: 1/1 levels left

rFire   . . .        c - +6 shortbow
rCold   . . .        (shield currently unavailable)
rNeg    . . .        h - +2 ring mail
rPois   .            (no helmet)
rElec   .            (no cloak)
rCorr   .            (no gloves)
SInv    .            (no boots)
Will    .....        j - amulet of reflection
Stlth   +            (no ring)
HPRegen 0.22/turn    (no ring)
MPRegen 0.09/turn

%: reflection
@: lethally poisoned (-4 -> -27)
A: no striking features
a: no special abilities


You were on level 1 of the Dungeon.
You visited 1 branch of the dungeon, and saw 1 of its levels.

You collected 58 gold pieces.


   Skills:
 - Level 1.5 Fighting
 + Level 6.4 Ranged Weapons
 - Level 2.4 Dodging
 - Level 1.2 Stealth


You had one spell level left.
You didn't know any spells.
Your spell library was empty.

Inventory:

Hand Weapons
 c - a +6 shortbow (weapon)
Armour
 h - a +2 ring mail (worn)
Jewellery
 j - an amulet of reflection (around neck)
Potions
 e - 2 potions of mutation

Dungeon Overview and Level Annotations

Branches:
Dungeon (1/15)

Altars:


Message History

Done exploring.
583 ||| SWAPPING to +6 shortbow.
c - a +6 shortbow (weapon)
584 ||| DROPPING +0 shortbow.
You drop a +0 shortbow.
Done exploring.
585 ||| READING scroll of identify.
585 ||| IDENTIFYING scroll labelled RERUETZ DOUSA
As you read the scroll of identify, it crumbles to dust.
k - a scroll of blinking Done exploring.
586 ||| READING scroll labelled NUNUOHIULIA.
As you read the scroll labelled NUNUOHIULIA, it crumbles to dust.
The air around you briefly surges with heat, but it dissipates.
It was a scroll of immolation.
Done exploring.
587 ||| DROPPING scroll of butterflies.
You drop a scroll of butterflies.
Done exploring.
588 ||| DROPPING scroll of blinking.
You drop a scroll of blinking.
Done exploring.
What level of the Dungeon? (default 1, ? - help) Sorry, I don't know how to get there.
Enter note:
Enter note:
Enter note:
Enter note:
Enter note:
Enter note:
Enter note:
Enter note:
Enter note:
Enter note:
Enter note:
Enter note: You are engulfed in poison gas.
You are poisoned.
You feel very sick.
590 ||| Stepping ~*~*~tactically~*~*~ (cloud).
You open the door.
You are engulfed in poison gas.
You are more poisoned.
You die...

######### #########
#0¤0000¤# #.......#
#00¤¤00¤# #.......#
#¤¤0¤00¤#####.......##
#.00¤0@?¤0¤00¤.......#
#####'#######¤.......#
#####.# #........#
#.....#######........#
#...........'........#
#.%..########........##
#....#......#..........
#....#.#.#..........###
#....'.#......#.......#


There were no monsters in sight!

Vanquished Creatures
  A dart slug (D:1)
  2 endoplasms (D:1)
  2 goblins (D:1)
  A hobgoblin (D:1)
  4 jackals (D:1)
  A kobold (D:1)
  2 ball pythons (D:1)
  3 bats (D:1)
  2 frilled lizards (D:1)
  A rat (D:1)
19 creatures vanquished.

Notes
Turn   | Place    | Note
-------+----------+-------------------------------------------
     0 | D:1      | qw the Deep Elf Hunter began the quest for the Orb.
     0 | D:1      | Reached XP level 1. HP: 12/12 MP: 3/3
     0 | D:1      | 0 ||| qw: Version: 0.3-a-157-g843a77d
     0 | D:1      | 0 ||| qw: Game counter: 4011
     0 | D:1      | 0 ||| qw: Melee chars always use a shield: true
     0 | D:1      | 0 ||| qw: God list: Okawaru
     0 | D:1      | 0 ||| qw: Allow faded altars: false
     0 | D:1      | 0 ||| qw: Do Orc after clearing Dungeon:15 true
     0 | D:1      | 0 ||| qw: Do second Lair branch before Depths: true
     0 | D:1      | 0 ||| qw: Lair rune preference: random
     0 | D:1      | 0 ||| qw: Goals: Normal
     0 | D:1      | 0 ||| PLANNING D:1-11
   190 | D:1      | Reached skill level 6 in Ranged Weapons
   190 | D:1      | Reached XP level 2. HP: 16/16 MP: 4/4
   560 | D:1      | 560 ||| UPGRADING to +0 ring mail.
   570 | D:1      | 570 ||| DROPPING +0 leather armour.
   571 | D:1      | 571 ||| UPGRADING to amulet of reflection.
   576 | D:1      | 576 ||| READING 2 scrolls labelled DUCLOTR CETSONTOT.
   576 | D:1      | 576 ||| ENCHANTING +0 ring mail.
   577 | D:1      | 577 ||| READING scroll of enchant armour.
   577 | D:1      | 577 ||| ENCHANTING +1 ring mail.
   578 | D:1      | 578 ||| READING scroll labelled EGENUUSTURUL.
   579 | D:1      | 579 ||| READING 3 scrolls labelled QELOHO KUGI.
   579 | D:1      | 579 ||| IDENTIFYING 2 grey potions
   580 | D:1      | 580 ||| READING 2 scrolls of identify.
   580 | D:1      | 580 ||| IDENTIFYING scroll labelled JICUHOTIJO
   580 | D:1      | Identified a scroll of acquirement
   581 | D:1      | 581 ||| READING scroll of acquirement.
   581 | D:1      | 581 ||| ACQUIRING +6 shortbow
   581 | D:1      | Acquired a +6 shortbow
   583 | D:1      | 583 ||| SWAPPING to +6 shortbow.
   584 | D:1      | 584 ||| DROPPING +0 shortbow.
   585 | D:1      | 585 ||| READING scroll of identify.
   585 | D:1      | 585 ||| IDENTIFYING scroll labelled RERUETZ DOUSA
   586 | D:1      | 586 ||| READING scroll labelled NUNUOHIULIA.
   587 | D:1      | 587 ||| DROPPING scroll of butterflies.
   588 | D:1      | 588 ||| DROPPING scroll of blinking.
   590 | D:1      | 590 ||| Stepping ~*~*~tactically~*~*~ (cloud).
   590 | D:1      | HP: 1/16 [cloud of poison gas (6)]
   590 | D:1      | Succumbed to their own poison gas

Levels and vault maps discovered:
D:1:      co_arrival_square_in_a_square_in_a_square, layout_basic, minivault_4

Skill      XL: |  1 |
---------------+----+-----
Ranged Weapons | 6 |  6.4
Fighting       | |  1.5
Dodging        | |  2.4
Stealth        | |  1.2

Action                     || total
---------------------------++-------
   Fire: Shortbow          ||    30
    Use: Scroll            ||     8
 Armour: Leather armour    ||     3
  Dodge: Dodged            ||     7

Table legend:
 A = Non-vault XP
 B = Vault XP
 C = Vault XP percentage of total XP
 D = Non-vault monster count
 E = Vault monster count
 F = Vault count percentage of total count
                 A         B        C        D         E       F
            +---------+---------+-------+---------+---------+-------
      Total |      31 |       0 |   0.0 |      19 |       0 |   0.0
            +---------+---------+-------+---------+---------+-------
        D:1 |      31 |       0 |   0.0 |      19 |       0 |   0.0
            +---------+---------+-------+---------+---------+-------
